 Dungeon Crawl Stone Soup version 0.27.0-1-g7a08968 (webtiles) character file.

Game seed: 11692653945250223606

277 catcat the Cudgeller (level 6, -1/53 HPs)
             Began as a Minotaur Fighter on May 17, 2022.
             Slain by an orc (5 damage)
             ... on level 4 of the Dungeon.
             The game lasted 00:05:41 (3646 turns).

catcat the Cudgeller (Minotaur Fighter)             Turns: 3646, Time: 00:05:43

Health: -1/53      AC:  6    Str: 23    XL:     6   Next: 4%
Magic:  5/5        EV:  7    Int:  5    God:
Gold:   160        SH:  0    Dex:  9    Spells: 5/5 levels left

rFire    . . .     SeeInvis .   a - +0 flail
rCold    . . .     Faith    .   c - +0 kite shield
rNeg     . . .     Spirit   .   b - +0 scale mail
rPois    .         Reflect  .   (helmet restricted)
rElec    .         Harm     .   (no cloak)
rCorr    .         Rampage  .   (no gloves)
Will     .....                  (no boots)
Stlth    ..........             (no amulet)
HPRegen  0.17/turn              (no ring)
MPRegen  0.09/turn              (no ring)

@: confused
A: horns 2, retaliatory headbutt
a: no special abilities


You were on level 4 of the Dungeon.
You visited 1 branch of the dungeon, and saw 4 of its levels.

You collected 160 gold pieces.

Inventory:

Hand Weapons
 a - a +0 flail (weapon)
Missiles
 p - 4 boomerangs (quivered)
Armour
 b - a +0 scale mail (worn)
 c - a +0 kite shield (worn)
Scrolls
 f - 11 scrolls of identify {unknown}
 g - a scroll of enchant weapon {unknown}
 k - a scroll of fog {unknown}
 l - a scroll of amnesia {unknown}
 m - a scroll of acquirement {unknown}
 n - a scroll of noise {unknown}
Potions
 d - a potion of invisibility {unknown}
 e - a potion of berserk rage {unknown}
 h - 2 potions of heal wounds {unknown}
 i - 2 potions of curing
 j - a potion of ambrosia {unknown}
 o - a potion of brilliance {unknown}


   Skills:
 + Level 4.4 Fighting
 * Level 7.2 Maces & Flails
 - Level 3.6 Armour
 - Level 3.6 Shields


You had 5 spell levels left.
You didn't know any spells.
Your spell library contained the following spells:

 Spells                   Type           Power      Damage    Failure   Level
 Sandblast                Erth           0%         2d4       99%         1
 Passwall                 Tmut/Erth      0%         N/A       100%        2
 Lee's Rapid Deconstruct  Erth           0%         3d5*      100%        5


Dungeon Overview and Level Annotations

Branches:
Dungeon (4/15)
 Temple: D:4-7

Altars:
Zin

Shops:
D:1 (   D:4 *


Innate Abilities, Weirdness & Mutations

You have a pair of horns on your head.
You reflexively headbutt those who attack you in melee.


Message History

The orc priest hits you but does no damage.
The orc hits you with a +0 mace.
Unknown command.
The orc priest hits you with a +0 falchion.
You hit the orc.
The orc is almost dead.
Something hits you but does no damage.
The orc priest looks satisfied for a moment.
The orc hits you but does no damage. Something hits you but does no damage.
The orc priest hits you with a +0 falchion!
* * * LOW HITPOINT WARNING * * *
You closely miss the orc priest.
The orc priest is almost dead.
The orc priest hits you but does no damage.
Something hits you.
* * * LOW HITPOINT WARNING * * *
The orc hits you but does no damage. Something hits you.
* * * LOW HITPOINT WARNING * * *
The orc priest barely misses you.
You feel better. You block something's attack. The orc barely misses you.
The orc priest hits you with a +0 falchion.
* * * LOW HITPOINT WARNING * * *
You hear some strange, mumbled words.
A puff of flame appears from out of thin air!
The puff of flame hits you!
* * * LOW HITPOINT WARNING * * *
You hit the orc priest.
You kill the orc priest!
You block the orc's attack. Something hits you but does no damage.
You have reached level 6!
Your experience leads to an increase in your attributes!
Increase (S)trength, (I)ntelligence, or (D)exterity?
You feel stronger.
You closely miss the orc. Your headbutt misses the orc.
The orc is almost dead.
You block the orc's attack.
You hear some strange, mumbled words.
You are confused.
The orc hits you with a +0 mace.
You die...

#..........##.#.
#........#.##.#.
#........#.##.#.
########........#..#<#.
#..........#######.#.#.
###..........# #...#.
#............# #...#.
#..........# #...#.
#.....@....# #..>..
#....{)o...# #.#.#.
#..........# #.#.##
+..........# #....
#..........# ######
#..........# #...
#.#.##'##############.##
#.... #.............##.#
....# #############.##.#


You could see an orc.

Vanquished Creatures
  A sky beast (D:3)
  A centaur zombie (D:4)
  An orc priest (D:4)
  An orc wizard (D:4)
  3 gnolls (D:3)
  2 adders
  9 orcs
  A bat (D:2)
  4 endoplasms (D:1)
  A giant cockroach (D:3)
  2 goblins
  5 kobolds
  A quokka (D:4)
  9 ball pythons
  2 frilled lizards
  5 rats
48 creatures vanquished.

Vanquished Creatures (others)
  A fungus (D:2)
  A plant (D:2)
2 creatures vanquished.

Grand Total: 50 creatures vanquished

Notes
Turn   | Place    | Note
-------+----------+-------------------------------------------
     0 | D:1      | catcat the Minotaur Fighter began the quest for the Orb.
     0 | D:1      | Reached XP level 1. HP: 19/19 MP: 0/0
    24 | D:1      | Found Nillequh's Antique Weapon Boutique.
   335 | D:1      | Reached skill level 3 in Maces & Flails
   619 | D:1      | Reached XP level 2. HP: 26/26 MP: 1/1
   888 | D:2      | Found a faded altar of an unknown god.
  1669 | D:3      | Reached skill level 4 in Maces & Flails
  1709 | D:3      | Noticed a sky beast
  1731 | D:3      | Killed a sky beast
  1732 | D:3      | Reached skill level 6 in Maces & Flails
  1732 | D:3      | Reached XP level 3. HP: 11/31 MP: 2/2
  1732 | D:3      | Reached XP level 4. HP: 15/39 MP: 3/3
  1985 | D:3      | Found a glowing silver altar of Zin.
  2652 | D:3      | Reached XP level 5. HP: 46/46 MP: 4/4
  3208 | D:4      | Reached skill level 7 in Maces & Flails
  3578 | D:4      | Found Wiyqie's Elemental Accessories.
  3646 | D:4      | Reached XP level 6. HP: 3/53 MP: 5/5
  3646 | D:4      | Slain by an orc

Illustrated notes

Levels and vault maps discovered:
D:1:      dpeg_arrival_simpleton_b, layout_basic, serial_shops,
          nicolae_square_shop
D:2:      layout_loops_ring, shapermc_ecumenical_altar_mp_urbaneastern
D:3:      layout_loops_corners, mainiacjoe_overflow_surrounded_room,
          kennysheep_generic_room_6
D:4:      layout_basic, minmay_misc_feat_alley, grunt_decor_arrowhead,
          minmay_misc_feat_rows, nicolae_elemental_shop,
          hangedman_decor_growths, hex_large, minivault_1

Skill      XL: |  1  2  3  4  5 |
---------------+----------------+-----
Maces & Flails | 3 6 7 |  7.2
Fighting       | 4 |  4.4
Armour         | |  3.6
Shields        | |  3.6

Action                   |  1- 3 |  4- 6 || total
-------------------------+-------+-------++-------
Melee: Flail             |    50 |    82 ||   132
       Headbutt          |     7 |    11 ||    18
  Use: Potion            |     2 |     1 ||     3
Armor: Scale mail        |    23 |    42 ||    65
Dodge: Dodged            |    11 |    30 ||    41
Block: Kite shield       |    23 |    50 ||    73
